 Dungeon Crawl Stone Soup version 0.22-a0-880-gb7b0c8b (webtiles) character file.

1710 iamserjio the Skirmisher (level 9, -1/71 HPs)
             Began as a Barachi Ice Elementalist on July 30, 2018.
             Was a Believer of Cheibriados.
             Shot with an arrow by a centaur (12 damage)
             ... on level 7 of the Dungeon.
             The game lasted 00:23:58 (2973 turns).

iamserjio the Skirmisher (Barachi Ice Elementalist) Turns: 2973, Time: 00:23:59

Health: -1/71      AC:  9    Str: 15    XL:     9   Next: 3%
Magic:  9/18       EV: 15    Int: 23    God:    Cheibriados [**....]
Gold:   96         SH:  0    Dex: 24    Spells: 8/20 levels left

rFire    . . .     SeeInvis .   v - +1 trident of Integrity {elec, *Rage rElec rPois Dex+6} (curse)
rCold    . . .     Gourm    .   (no shield)
rNeg     . . .     Faith    .   a - +0 robe
rPois    +         Spirit   .   (no helmet)
rElec    +         Reflect  .   (no cloak)
rCorr    .         Harm     .   (no gloves)
MR       .....     Rnd*Rage +   n - +0 pair of boots
Stlth    ++........             (no amulet)
HPRegen  0.21/turn              (no ring)
MPRegen  0.16/turn              (no ring)

@: icy armour, drained, very slow
A: +LOS, swims, slowness 1, strong legs 1
a: Hop, Bend Time, Renounce Religion


You were on level 7 of the Dungeon.
You worshipped Cheibriados.
Cheibriados was pleased with you.
You were not hungry.

You visited 2 branches of the dungeon, and saw 8 of its levels.

You collected 357 gold pieces.
You spent 261 gold pieces at shops.

Inventory:

Hand Weapons
 f - a +0 whip
 r - a +1 short sword of venom
 v - the cursed +1 trident of Integrity (weapon) {elec, *Rage rElec rPois Dex+6}
   (You found it on level 4 of the Dungeon)

   Occasionally, upon striking a foe, it will discharge some electrical energy
   and cause terrible harm.
   It affects your dexterity (+6).
   It insulates you from electricity.
   It protects you from poison.
   It may make you go berserk in combat.
   It has a curse placed upon it.
 w - a +0 antimagic dagger
 x - a +0 antimagic club
 F - a +0 hand axe of distortion
 I - a +2 spear of venom
Missiles
 k - 71 arrows
 t - 2 needles of paralysis {!f}
Armour
 a - a +0 robe (worn)
 n - a +0 pair of boots (worn)
 G - the +5 scale mail of Imperfection {rPois rC+}
   (You bought it in a shop on level 4 of the Dungeon)

   It protects you from cold.
   It protects you from poison.
 J - a cursed -2 shield
Wands
 A - a wand of paralysis (4)
Scrolls
 b - 6 scrolls of remove curse {@r2}
 e - 2 scrolls of blinking
 g - 2 scrolls of magic mapping {unknown}
 h - 3 scrolls of teleportation
 o - 4 scrolls of immolation
 q - a scroll of noise {unknown}
 s - a scroll of random uselessness {unknown}
 y - a scroll of enchant armour {unknown}
 B - a scroll of enchant weapon {unknown}
 D - a scroll of amnesia {unknown}
 E - a scroll of brand weapon {unknown}
Potions
 d - 2 potions of curing {@q1}
 i - a potion of brilliance {unknown}
 j - 2 potions of flight
 l - 2 potions of might {unknown}
 m - 2 potions of mutation {unknown}
 p - a potion of agility {unknown}
 u - a potion of heal wounds {unknown}
 z - 2 potions of lignification
 C - a potion of cancellation {unknown}
 H - a potion of invisibility {unknown}
Comestibles
 c - 5 rations
 K - a chunk of flesh


   Skills:
 + Level 6.5(5.6) Fighting
 + Level 4.9(4.1) Dodging
 - Level 1.7(0.9) Stealth
 + Level 6.4(5.5) Spellcasting
 - Level 1.1(0.3) Conjurations
 + Level 0.4(0.0) Charms
 - Level 5.0(4.1) Summonings
 - Level 6.0(5.1) Ice Magic
 + Level 1.5(0.8) Invocations


You had 8 spell levels left.
You knew the following spells:

 Your Spells              Type           Power        Failure   Level  Hunger
a - Freeze                Ice            ####         1%          1    None
b - Ozocubu's Armour      Chrm/Ice       ###.....     10%         3    ##.....
c - Summon Ice Beast      Ice/Summ       ####....     13%         4    ####...
d - Throw Icicle          Conj/Ice       ###.....     28%         4    ####...

Your spell library contained the following spells:

 Spells                   Type           Power        Failure   Level  Hunger
 Throw Frost              Conj/Ice       ###...       4%          2    None


Dungeon Overview and Level Annotations

Branches:
Dungeon (7/15)             Temple (1/1) D:5

Altars:
Cheibriados
Dithmenos
Fedhas
Gozag
Kikubaaqudgha
Makhleb
Nemelex Xobeh
Okawaru
Qazlal
Ru
Sif Muna
Trog
Vehumet
Wu Jian
Xom
Zin

Shops:
D:4 [%


Innate Abilities, Weirdness & Mutations

Shadows flee at your approach. (+LOS)
You can swim through water.
You cover ground slowly.
You can hop short distances.


Message History

The centaur shoots an arrow.
The arrow hits your ice beast.
The centaur shoots an arrow.
The arrow hits your ice beast!
Your ice beast hits the centaur but does no damage.
You see here 2 arrows.
Attack whom?
Press: ? - help, Dir - move target cursor, f - centaur
Aim: a centaur, wielding a shortbow You could not reach far enough!
The centaur shoots an arrow.
The arrow barely misses your ice beast. The arrow misses you.
Your ice beast hits the centaur.
Your ice beast freezes the centaur!
The centaur shoots an arrow.
The arrow barely misses your ice beast. The arrow hits you!
* * * LOW HITPOINT WARNING * * *
Your ice beast hits the centaur.
Your ice beast freezes the centaur!
Casting: Ozocubu's Armour (safe; 10% risk of failure)
Confirm with . or Enter, or press ? or * to list all spells.
A film of ice covers your body!
The centaur shoots an arrow.
The arrow closely misses your ice beast.
The arrow hits you!
You die...

.. #. ##.##
...# #..#
#.#####..#
#..$...c.#
#### #Y# ..
..# #@#
...#####.# #(#
.........###.#
#..........#
#####..#####
#..# #..#
###..# #...##


You could see a centaur and a friendly ice beast.

Vanquished Creatures
  2 ice beasts (D:5)
  A phantom (D:6)
  An eye of draining (D:4)
  A centaur (D:5)
  A water moccasin zombie (D:6)
  3 wights (D:6)
  A howler monkey (D:5)
  4 crimson imps
  2 hounds
  A jelly (D:7)
  3 bullfrog skeletons
  2 orc wizards (D:6)
  A centaur skeleton (D:6)
  2 worker ants
  8 adders
  A shadow imp (D:6)
  An ooze (D:4)
  A worm (D:6)
  2 dart slugs
  A leopard gecko (D:3)
  14 orcs
  6 bats
  4 giant cockroaches
  5 goblins
  6 hobgoblins
  4 jackals (D:5)
  7 kobolds
  7 quokkas
  A ball python (D:1)
  2 frilled lizards
  3 rats
98 creatures vanquished.

Vanquished Creatures (collateral kills)
  3 orc warriors
  A necrophage (D:6)
  An ogre (D:5)
  A bullfrog (D:6)
  A gnoll sergeant (D:6)
  2 scorpions (D:6)
  A crimson imp (D:6)
  A centaur zombie (D:6)
  A hound (D:5)
  A centaur skeleton (D:6)
  An iguana (D:6)
  3 gnolls (D:6)
  A leopard gecko (D:6)
  An orc (D:6)
19 creatures vanquished.

Grand Total: 117 creatures vanquished

Notes
Turn   | Place    | Note
-------+----------+-------------------------------------------
     0 | D:1      | iamserjio the Barachi Ice Elementalist began the quest for the Orb.
     0 | D:1      | Reached XP level 1. HP: 13/13 MP: 3/3
   100 | D:1      | Reached XP level 2. HP: 15/19 MP: 2/5
   528 | D:2      | Reached XP level 3. HP: 24/24 MP: 4/7
   749 | D:2      | Learned a level 3 spell: Ozocubu's Armour
   812 | D:3      | Reached skill level 1 in Fighting
   812 | D:3      | Reached XP level 4. HP: 7/32 MP: 1/9
   837 | D:3      | Reached skill level 5 in Ice Magic
  1217 | D:4      | Reached XP level 5. HP: 17/38 MP: 10/10
  1223 | D:4      | Learned a level 4 spell: Summon Ice Beast
  1234 | D:4      | Found Ziuxzal's Antique Armour Shoppe.
  1255 | D:4      | Found Zuelax's Food Emporium.
  1262 | D:4      | Noticed an eye of draining
  1263 | D:4      | Got an iridescent trident
  1278 | D:4      | Identified the cursed +1 trident of Integrity {elec, *Rage rElec rPois Dex+6} (You found it on level 4 of the Dungeon)
  1377 | D:4      | Reached skill level 1 in Summonings
  1440 | D:4      | Paralysed by fainting for 5 turns
  1503 | D:5      | Entered Level 5 of the Dungeon
  1522 | D:5      | Noticed an ice beast
  1525 | D:5      | Reached XP level 6. HP: 39/46 MP: 3/12
  1534 | D:5      | Killed an ice beast
  1729 | D:5      | Found a staircase to the Ecumenical Temple.
  1744 | D:5      | Reached XP level 7. HP: 27/52 MP: 3/13
  1752 | Temple   | Entered the Ecumenical Temple
  1777 | Temple   | Became a worshipper of Cheibriados the Contemplative
  2082 | D:5      | Reached skill level 5 in Summonings
  2159 | D:4      | Bought a dazzling scale mail for 261 gold pieces
  2169 | D:4      | Identified the +5 scale mail of Imperfection {rPois rC+} (You bought it in a shop on level 4 of the Dungeon)
  2200 | D:4      | Found a bloodstained altar of Trog.
  2231 | D:5      | Reached skill level 5 in Spellcasting
  2231 | D:5      | Reached XP level 8. HP: 60/61 MP: 3/15
  2308 | D:6      | Reached * piety under Cheibriados
  2308 | D:6      | Reached skill level 5 in Fighting
  2623 | D:6      | Reached ** piety under Cheibriados
  2624 | D:6      | Reached skill level 1 in Invocations
  2730 | D:6      | Learned a level 4 spell: Throw Icicle
  2869 | D:7      | Reached XP level 9. HP: 71/71 MP: 18/18
  2973 | D:7      | Shot with an arrow by a centaur

Vault maps used:
D:1:      evilmike_arrival_plus, minmay_heptomino_d4
D:2:      first_ration, hangedman_decor_diamond_cutter
D:3:      portal_sewer_entry_b
D:4:      serial_shops, nicolae_shop_crystal, shop, trog_eyes_of_draining
D:5:      minmay_temple_entry_mist
D:7:      corexii_shantytown, grunt_ogre_cave, evilmike_ruin_ashenzari
Temple:   nicolae_temple_the_god_donut

Skill      XL: |  1  2  3  4  5  6  7  8 |
---------------+-------------------------+-----
Ice Magic      | 4 5 6 |  6.0
Spellcasting   | 3 4 5 6 |  6.4
Fighting       | 1 2 3 4 6 |  6.5
Summonings     | 2 3 5 |  5.0
Dodging        | 4 |  4.9
Invocations    | 1 |  1.5
Stealth        | |  1.7
Conjurations   | |  1.1
Charms         | |  0.4

Action                   |  1- 3 |  4- 6 |  7- 9 || total
-------------------------+-------+-------+-------++-------
Melee: Whip              |     3 |       |       ||     3
       Short sword       |    15 |    15 |       ||    30
       Trident           |       |    46 |   107 ||   153
 Cast: Freeze            |    43 |    38 |    30 ||   111
       Summon Ice Beast  |       |     2 |    22 ||    24
       Ozocubu's Armour  |       |       |     3 ||     3
 Abil: Hop               |       |     1 |     2 ||     3
Evoke: Wand              |       |     2 |       ||     2
  Use: Scroll            |     1 |     3 |     2 ||     6
       Potion            |       |     1 |     1 ||     2
 Stab: Sleeping          |       |     1 |     1 ||     2
       Paralysed         |       |     5 |       ||     5
       Distracted        |       |       |     1 ||     1
  Eat: Ration            |       |     1 |     1 ||     2
       Chunk             |       |       |     5 ||     5
Armor: Robe              |    14 |    14 |    22 ||    50
       Skin              |       |       |    19 ||    19
Dodge: Dodged            |    36 |    57 |    96 ||   189

Table legend:
 A = Spawn XP
 B = Non-spawn XP
 C = Spawn XP percentage of total XP
 D = Spawn monster count
 E = Non-spawn monster count
 F = Spawn count percentage of total count
 G = Total turns spent on level
                    A         B        C        D         E        F      G
               +---------+---------+-------+---------+---------+-------+---------
         Total |       0 |    2444 |   0.0 |       0 |     117 |   0.0 |  2973
               +---------+---------+-------+---------+---------+-------+---------
           D:1 |       0 |      23 |   0.0 |       0 |      13 |   0.0 |   438
           D:2 |       0 |      35 |   0.0 |       0 |      12 |   0.0 |   335
           D:3 |       0 |     102 |   0.0 |       0 |      18 |   0.0 |   422
           D:4 |       0 |     213 |   0.0 |       0 |      14 |   0.0 |   386
           D:5 |       0 |     840 |   0.0 |       0 |      20 |   0.0 |   601
           D:6 |       0 |    1131 |   0.0 |       0 |      36 |   0.0 |   564
           D:7 |       0 |     100 |   0.0 |       0 |       4 |   0.0 |   177
               +---------+---------+-------+---------+---------+-------+---------
